 Dungeon Crawl Stone Soup version 0.29-a0-561-ga02bf68b3c (webtiles) character file.

Game seed: 17357707201452940786

525 Nedwor the Cruncher (level 7, 61/61 HPs)
             Began as a Minotaur Gladiator on June 11, 2022.
             Quit the game in the Ecumenical Temple.
             The game lasted 00:05:37 (3430 turns).

Nedwor the Cruncher (Minotaur Gladiator)            Turns: 3430, Time: 00:05:38

Health: 61/61      AC: 16    Str: 20    XL:     7   Next: 2%
Magic:  6/6        EV: 10    Int:  9    God:
Gold:   149        SH:  5    Dex: 12    Spells: 6/6 levels left

rFire   + + .      SeeInvis .   a - +0 quarterstaff
rCold   . . .      Faith    .   (shield currently unavailable)
rNeg    . . .      Spirit   .   w - +6 scale mail of the Hills {+Inv rF++ Will- Int+4}
rPois   .          Reflect  +   c - +1 hat
rElec   .          Harm     .   l - +0 cloak
rCorr   .          Rampage  .   k - +0 pair of gloves
Will    .....                   h - +0 pair of boots
Stlth   ..........              g - amulet of reflection
HPRegen 0.20/turn               (no ring)
MPRegen 0.10/turn               (no ring)

@: no status effects
A: horns 2, retaliatory headbutt
a: Evoke Invisibility


You were in the Ecumenical Temple.
You visited 2 branches of the dungeon, and saw 5 of its levels.

You collected 199 gold pieces.
You spent 50 gold pieces at shops.

Inventory:

Hand Weapons
 a - a +0 quarterstaff (weapon)
Missiles
 d - 3 throwing nets (quivered)
 e - a javelin
Armour
 c - a +1 hat (worn)
 h - a +0 pair of boots (worn)
 k - a +0 pair of gloves (worn)
 l - a +0 cloak (worn)
 w - the +6 scale mail of the Hills (worn) {+Inv rF++ Will- Int+4}
   (You found it on level 4 of the Dungeon)

   Int:       It affects your intelligence (+4).
   rF:        It greatly protects you from fire.
   +Inv:      It lets you turn invisible.
   Will:      It decreases your willpower.
Jewellery
 g - an amulet of reflection (around neck)
 j - an amulet of regeneration
 s - a ring of magical power
Scrolls
 i - a scroll of teleportation
 u - a scroll of fear
Potions
 f - a potion of ambrosia {unknown}
 m - 2 potions of brilliance
 n - 2 potions of might
 o - a potion of haste {unknown}
 p - a potion of attraction {unknown}
 q - 2 potions of lignification {unknown}
 r - a potion of degeneration {unknown}
 t - a potion of berserk rage {unknown}
 v - a potion of heal wounds
 x - a potion of resistance {unknown}


   Skills:
 + Level 5.5 Fighting
 * Level 8.0 Staves
 - Level 2.2 Throwing
 - Level 3.4 Dodging


You had 6 spell levels left.
You didn't know any spells.
Your spell library contained the following spells:

 Spells                   Type           Power      Damage    Failure   Level
 Static Discharge         Conj/Air       0%         N/A       88%         2
 Ozocubu's Armour         Ice            0%         N/A       98%         3
 Lightning Bolt           Conj/Air       0%         1d11      100%        5
 Ozocubu's Refrigeration  Ice            0%         4d5       100%        7
 Maxwell's Capacitive Co  Air            0%         ∞         100%        8


Dungeon Overview and Level Annotations

Branches:
Dungeon (4/15)             Temple (1/1) D:4

Altars:
Ashenzari
Elyvilon
Fedhas
Kikubaaqudgha
Qazlal
Ru
Sif Muna
Trog
Yredelemnul
Zin
The Shining One
Jiyva

Shops:
D:2 !


Innate Abilities, Weirdness & Mutations

You have a pair of horns on your head.
You reflexively headbutt those who attack you in melee.


Message History

The ogre is severely wounded.
You sock the ogre!
You kill the ogre!
The goblin shoots a sling bullet.
You reflect the sling bullet off an invisible shield around you!
The sling bullet barely misses the goblin.
Your life force feels restored.
Your Staves skill increases to level 8!
You have reached level 7!
Found 14 gold pieces.
The goblin shoots a sling bullet.
The sling bullet hits you but does no damage.
The goblin unwields a +0 hunting sling.
The goblin wields a +0 dagger.
The goblin hits you with a +0 dagger.
You closely miss the goblin. The goblin hits you but does no damage.
You sock the goblin!
You kill the goblin!
No target in view!
No target in view!
There is a staircase to the Ecumenical Temple here.
As you read the scroll of identify, it crumbles to dust.
m - 2 potions of brilliance You climb downwards.
Welcome to the Ecumenical Temple!
There is a staircase back to the Dungeon here.
HP restored.
Found a broken altar of Ashenzari.
Found a white marble altar of Elyvilon and a viscous altar of Jiyva.
Found an ancient bone altar of Kikubaaqudgha.
Found a glowing golden altar of the Shining One and a viscous altar of Jiyva.
Found a basalt altar of Yredelemnul and a bloodstained altar of Trog.
Found a viscous altar of Jiyva.
Found a viscous altar of Jiyva and a stormy altar of Qazlal.
Found a glowing silver altar of Zin.
Found a viscous altar of Jiyva and a blossoming altar of Fedhas.
Found a sacrificial altar of Ru.
Found a shimmering blue altar of Sif Muna and a viscous altar of Jiyva.
There is a broken altar of Ashenzari here.
Done exploring.
Done exploring.
Search for what [Enter for "armor", or ? for help]? altar Are you sure you want to abandon this character and quit the game? (Confirm with "yes".)

.....##.#.....##...##
....##.###...._##...#
.#_#.#..#.#_#.###...#
#####....#######....#
#...#....#...#.....##
..#..._....#...#....#
#####..#.########...#
.#_#.#..#.#_#.###..##
....##..##...._#@..#
.....##.#.....##...#
#_.._#.##_.._###...#
##..##..##..###...##
######..######...##
.### ##.#####....#
...###...##....###
..............##
#............##


There were no monsters in sight!

Vanquished Creatures
  Menkaure (D:4)
  An ogre (D:4)
  A necrophage (D:4)
  A jelly (D:3)
  A gnoll shaman (D:4)
  A hound (D:4)
  Robin (D:2)
  3 gnolls (D:4)
  5 adders
  An ufetubus (D:4)
  2 dart slugs
  2 worms
  6 orcs (D:4)
  5 ball pythons
  4 endoplasms (D:1)
  5 giant cockroaches
  15 goblins
  7 hobgoblins
  2 kobolds
  2 quokkas (D:2)
  3 bats
  3 frilled lizards
  6 rats
78 creatures vanquished.

Notes
Turn   | Place    | Note
-------+----------+-------------------------------------------
     0 | D:1      | Nedwor the Minotaur Gladiator began the quest for the Orb.
     0 | D:1      | Reached XP level 1. HP: 18/18 MP: 0/0
   181 | D:1      | Found a broken altar of Ashenzari.
   185 | D:1      | Reached XP level 2. HP: 25/25 MP: 1/1
   548 | D:1      | Reached skill level 4 in Staves
   693 | D:2      | Found Duumeuck's Distillery.
   725 | D:2      | Bought a potion of heal wounds for 50 gold pieces
   779 | D:2      | Noticed Robin
   791 | D:2      | Reached XP level 3. HP: 12/31 MP: 2/2
   802 | D:2      | Killed Robin
  1229 | D:2      | Reached skill level 5 in Staves
  1271 | D:2      | Reached XP level 4. HP: 38/38 MP: 3/3
  2037 | D:3      | Reached XP level 5. HP: 46/46 MP: 4/4
  2134 | D:3      | Found a faded altar of an unknown god.
  2507 | D:4      | Identified the +6 scale mail of the Hills {+Inv rF++ Will-
                  | Int+4}
  2539 | D:4      | Reached skill level 6 in Staves
  2773 | D:4      | Reached XP level 6. HP: 45/53 MP: 5/5
  2920 | D:4      | Noticed Menkaure
  2928 | D:4      | Killed Menkaure
  2929 | D:4      | Reached skill level 5 in Fighting
  2929 | D:4      | Reached skill level 7 in Staves
  3274 | D:4      | Found a staircase to the Ecumenical Temple.
  3293 | D:4      | Reached skill level 8 in Staves
  3293 | D:4      | Reached XP level 7. HP: 60/61 MP: 6/6
  3301 | Temple   | Entered the Ecumenical Temple
  3430 | Temple   | Quit the game

Illustrated notes

Levels and vault maps discovered:
D:1:      dpeg_arrival_lava_altar, layout_loops_ring, kennysheep_flooded_box,
          fountainhead, nicolae_concentric_dashed_squares_wild,
          serial_park_tiny_1
D:2:      layout_rooms, serial_shops, shop, hangedman_decor_clover_reticule,
          uniq_robin
D:3:      layout_basic, dreamdust_ecumenical_altar_sealed_demon
D:4:      layout_loops_corners, temple_fountains, minmay_cupped, uniq_menkaure
Temple:   pf_slime_end_temple

Skill      XL: |  1  2  3  4  5  6 |
---------------+-------------------+-----
Staves         | 4 5 6 8 |  8.0
Fighting       | 3 4 5 |  5.5
Throwing       | |  2.2
Dodging        | |  3.4

Action                   |  1- 3 |  4- 6 |  7- 9 || total
-------------------------+-------+-------+-------++-------
Melee: Quarterstaff      |    70 |    84 |     2 ||   156
       Headbutt          |    11 |    14 |       ||    25
  Use: Scroll            |     3 |     5 |     1 ||     9
       Potion            |     1 |       |       ||     1
Armor: Leather armour    |    20 |    11 |       ||    31
       Scale mail        |       |    22 |     2 ||    24
Dodge: Dodged            |    47 |    41 |       ||    88
Block: Other             |    19 |    18 |       ||    37
       Reflection        |     1 |     1 |       ||     2

Table legend: (Time is in decaauts)
 A = Elapsed time spent in this place.
 B = Non-inter-level travel time spent in this place.
 C = Inter-level travel time spent in this place.
 D = Time resting spent in this place.
 E = Time spent auto-exploring this place.
 F = Levels seen in this place.
 G = Mean time per level.
                   A        B        C        D        E       F      G
               +--------+--------+--------+--------+--------+-----+--------+
         Total |   3436 |   3352 |     84 |    679 |   2199 |   5 |  687.2 |
       Dungeon |   3307 |   3223 |     84 |    679 |   2082 |   4 |  826.8 |
        Temple |    128 |    128 |      0 |      0 |    117 |   1 |  128.0 |
               +--------+--------+--------+--------+--------+-----+--------+

Top non-repeatable levels by time:
     D:3: 963 daAuts
     D:4: 899 daAuts
     D:2: 747 daAuts
     D:1: 697 daAuts
  Temple: 128 daAuts
